 Dungeon Crawl Stone Soup version 0.28-a0-723-g095bd1b44f (webtiles) character file.

Game seed: 15035211890447765038

45 avis the Insei (level 3, -8/24 HPs)
             Began as an Octopode Transmuter on Oct 25, 2021.
             Killed by nerve-wracking pain
             ... invoked by Grinder
              (14 damage)
             ... on level 3 of the Dungeon.
             The game lasted 00:08:49 (2048 turns).

avis the Insei (Octopode Transmuter)                Turns: 2048, Time: 00:08:49

Health: -8/24      AC:  2    Str: 10    XL:     3   Next: 64%
Magic:  3/6        EV: 19    Int: 15    God:
Gold:   44         SH:  0    Dex: 17    Spells: 2/6 levels left

rFire   . . .      SeeInvis .     - Unarmed
rCold   . . .      Faith    .   (shield currently unavailable)
rNeg    . . .      Spirit   .   (helmet currently unavailable)
rPois   x          Reflect  .   (no amulet)
rElec   .          Harm     .   (no ring)
rCorr   .          Rampage  .   (no ring)
Will    .....                   (no ring)
Stlth   ++........              (no ring)
HPRegen 0.08/turn               (no ring)
MPRegen 0.10/turn               (no ring)
                                (no ring)
                                (no ring)

@: spider-form (expiring)
A: venomous fangs, almost no armour, (amphibious), 8 rings, tiny, (camouflage
1), (gelatinous body 1), (nimble swimmer 1), (tentacles)
a: End Transformation


You were on level 3 of the Dungeon.
You were a venomous arachnid creature.
You visited 1 branch of the dungeon, and saw 3 of its levels.

You collected 44 gold pieces.

Inventory:

Missiles
 a - 79 stones
 c - 40 arrows
 e - 20 sling bullets
 i - 43 bolts
Magical Staves
 d - a staff of air
Scrolls
 b - a scroll of amnesia {unknown}
 f - a scroll of teleportation {unknown}
 g - a scroll of enchant armour {unknown}
 k - a scroll of brand weapon {unknown}
 l - a scroll of blinking {unknown}
Potions
 h - a potion of berserk rage {unknown}
 j - a potion of mutation {unknown}


   Skills:
 - Level 2.0 Fighting
 - Level 2.0 Dodging
 - Level 2.0 Stealth
 - Level 3.0 Unarmed Combat
 - Level 2.0 Spellcasting
 - Level 3.0 Transmutations
 * Level 0.4 Poison Magic


You had 2 spell levels left.
You knew the following spells:

 Your Spells              Type           Power      Damage    Failure   Level
a - Beastly Appendage     Tmut           20%        N/A       17%         1
p - Spider Form           Tmut/Pois      3%         N/A       54%         3

Your spell library contained the following spells:

 Spells                   Type           Power      Damage    Failure   Level
 Wereblood                Tmut           10%        N/A       24%         2
 Ice Form                 Ice/Tmut       6%         N/A       89%         4


Dungeon Overview and Level Annotations

Branches:
Dungeon (3/15)

Altars:
Zin

Annotations:
D:3 Grinder, Terence


Innate Abilities, Weirdness & Mutations

You are a venomous arachnid creature.
You have poisonous fangs.
You are tiny and dextrous.
Your spellcasting is less reliable in this form.
Your armour is entirely melded.
You are incapable of wielding weapons or throwing items.
You cannot wear most types of armour.
((You are amphibious.))
You can wear up to eight rings at the same time.
((Your skin changes colour to match your surroundings (Stealth+).))
((Your rubbery body absorbs attacks. (AC +1, EV +1)))
((You are camouflaged near water. (Stealth+)))
((You have tentacles for arms and can constrict up to eight enemies at once.))


Message History

Your grab misses the hobgoblin. Your squeeze misses the hobgoblin.
You tentacle-slap the hobgoblin. You grab the hobgoblin.
You pierce the hobgoblin, but do no damage.
The hobgoblin is heavily wounded.
You constrict the hobgoblin, but do no damage.
The hobgoblin hits you.
You tentacle-slap the hobgoblin but do no damage.
You pierce the hobgoblin.
You kill the hobgoblin!
Found a robe.
Found a glowing silver altar of Zin.
Found a scroll labelled QYNINU FUOT.
Your tentacle spike disappears.
i - 43 bolts (gained 23) HP restored.
Grinder comes into view.
Found a flail.
Grinder says, "Wait up."
Grinder blinks!
Casting: Beastly Appendage (safe; 6% risk of failure)
Confirm with . or Enter, or press ? or * to list all spells.
The spell is extremely dangerous to cast (32% risk of failure)!
Continue anyway?
You turn into a venomous arachnid creature.
Grinder gestures at you. Pain shoots through your body!
You bite Grinder!
Grinder is lightly wounded.
Grinder hits you!
You writhe in agony.
* * * LOW HITPOINT WARNING * * *
You hit Grinder but do no damage.
Grinder is lightly wounded.
You hit Grinder.
Grinder is poisoned.
Grinder is lightly wounded.
Grinder gestures at you.
You barely resist. You barely miss Grinder.
Grinder is moderately wounded.
Grinder gestures at you. Pain shoots through your body!
Ouch! That really hurt!
You die...

.....#.?.
##.#[.....
#......##
###.......# #
.######.......#....
..............##..
######.........._
###.....##..
#.#####s5...# .
#...<.....#...#
#.#######.#..## #.#
.. #.# #.# #.# #.#
#.#


You could see Grinder (very poisoned).

Vanquished Creatures
  An adder (D:2)
  A dart slug (D:1)
  6 ball pythons
  5 bats
  2 endoplasms
  A giant cockroach (D:2)
  2 goblins (D:1)
  6 hobgoblins
  2 quokkas (D:1)
  2 frilled lizards (D:2)
  A kobold (D:1)
  5 rats
34 creatures vanquished.

Notes
Turn   | Place    | Note
-------+----------+-------------------------------------------
     0 | D:1      | avis the Octopode Transmuter began the quest for the Orb.
     0 | D:1      | Reached XP level 1. HP: 13/13 MP: 3/3
    31 | D:1      | Noticed a servant of whispers
    31 | D:1      | Noticed a tyrant leech
    31 | D:1      | Noticed a komodo dragon
    32 | D:1      | Noticed an ettin
    42 | D:1      | Reached skill level 1 in Stealth
   108 | D:1      | Reached XP level 2. HP: 10/18 MP: 3/5
   571 | D:1      | Found a faded altar of an unknown god.
  1032 | D:2      | Reached XP level 3. HP: 24/24 MP: 4/6
  1036 | D:2      | Learned a level 3 spell: Spider Form
  1918 | D:3      | Noticed Terence
  1992 | D:3      | Found a glowing silver altar of Zin.
  2038 | D:3      | Noticed Grinder
  2048 | D:3      | Killed from afar by Grinder

Illustrated notes

Levels and vault maps discovered:
D:1:      onia_arrival_zoo_common, layout_rooms,
          shapermc_ecumenical_altar_mp_highgroup, minivault_4
D:2:      layout_rooms
D:3:      layout_loops_ring, mainiacjoe_overflow_small_starburst, uniq_terence,
          uniq_grinder

Skill      XL: |  1  2  3 |
---------------+----------+-----
Stealth        | 2 |  2.0
Fighting       | 2 |  2.0
Transmutations | 3 |  3.0
Dodging        | |  2.0
Unarmed Combat | |  3.0
Spellcasting   | |  2.0
Poison Magic   | |  0.4

Action                   || total
-------------------------++-------
Melee: Unarmed           ||    77
       Constrict         ||    22
       Tentacles         ||     7
       Kick              ||    13
       Punch             ||     1
 Cast: Beastly Appendage ||    32
       Spider Form       ||     1
 Stab: Sleeping          ||    13
Armor: Skin              ||     4
Dodge: Dodged            ||    30

Table legend: (Time is in decaauts)
 A = Elapsed time spent in this place.
 B = Non-inter-level travel time spent in this place.
 C = Inter-level travel time spent in this place.
 D = Time resting spent in this place.
 E = Time spent auto-exploring this place.
 F = Levels seen in this place.
 G = Mean time per level.
                   A        B        C        D        E       F      G
               +--------+--------+--------+--------+--------+-----+--------+
         Total |   2047 |   1874 |    173 |    650 |    722 |   3 |  682.3 |
       Dungeon |   2047 |   1874 |    173 |    650 |    722 |   3 |  682.3 |
               +--------+--------+--------+--------+--------+-----+--------+

Top non-repeatable levels by time:
     D:1: 1200 daAuts
     D:2: 724 daAuts
     D:3: 122 daAuts
